cohdb
Replays
Latest Replays
All Replays
Popular Replays
Top Player Replays
Match Explorer
How It Works
Community
CoH3 Stats
Reddit
Sign in to upload your games and track your stats! →
Sign in with Steam
Match 44178533
Unlisted
Match 44178533
Overview
Messages
Build Orders
End
Construct Infanterie Kompanie
Selects Luftwaffe Battlegroup
Selects Luftwaffe Pioneer Support
Fallschirmpioneer Squad Paradrop
MG 42 Machine Gun Team
MG 42 Machine Gun Team
Selects Stuka Strafing Run
Stuka Strafing Run
Construct Luftwaffe Kompanie
Support Elements
Fallschirmpioneer Squad Paradrop
Wirbelwind Flakpanzer
Jäger Squad
Luftwaffe Officer Quarters
Construct Panzergrenadier Kompanie
Stuka Strafing Run
Nebelwerfer 42 Rocket Launcher Team
Fallschirmpioneer Squad Paradrop
Selects Fallschirmjäger Squad Paradrop
Selects Stuka Loiter
Stuka Strafing Run
Joraad
Zorlonn
tiffany_koebel
patrickmcl15
greko
2dabosslee437
crimson66
RedneckRambo69
0
0
Comments
sign in to comment!
No comments posted yet!